 Dungeon Crawl Stone Soup version 0.30-b1-2-g02819fbbbe (webtiles) character file.

Game seed: 9641240619523948307

52 Mesmaeker13 the Shooter (level 3, -5/29 HPs)
             Began as a Barachi Hunter on July 18, 2023.
             Killed by nerve-wracking pain
             ... invoked by Grinder
              (7 damage)
             ... on level 3 of the Dungeon.
             The game lasted 00:01:55 (1850 turns).

Mesmaeker13 the Shooter (Barachi Hunter)            Turns: 1850, Time: 00:01:56

Health: -5/29      AC:  3    Str: 12    XL:     3   Next: 85%
Magic:  3/3        EV: 12    Int:  9    God:
Gold:   139        SH:  0    Dex: 17    Spells: 2/2 levels left

rFire   . . .        a - +0 shortbow
rCold   . . .        (shield currently unavailable)
rNeg    . . .        c - +0 leather armour
rPois   .            (no helmet)
rElec   .            (no cloak)
rCorr   .            (no gloves)
SInv    .            (no boots)
Will    .....        (no amulet)
Stlth   ++           (no ring)
HPRegen 0.24/turn    (no ring)
MPRegen 0.08/turn

%: no passive effects
@: slow
A: amphibious, slowness 1, strong legs 1, +LOS
a: Hop


You were on level 3 of the Dungeon.
You visited 1 branch of the dungeon, and saw 3 of its levels.

You collected 139 gold pieces.

Inventory:

Hand Weapons
 a - a +0 shortbow (weapon)
 o - a +0 short sword
Missiles
 n - 2 poisoned darts
Armour
 c - a +0 leather armour (worn)
Jewellery
 e - a +6 ring of strength
 f - an amulet of regeneration
Scrolls
 b - a scroll of immolation
 d - a scroll of poison {unknown}
 h - a scroll of noise {unknown}
 k - a scroll of vulnerability
 l - 2 scrolls of teleportation
 m - a scroll of enchant weapon {unknown}
Potions
 g - a potion of haste {unknown}
 i - a potion of cancellation
 j - a potion of heal wounds
 p - a potion of lignification


   Skills:
 + Level 3.4 Fighting
 + Level 4.5 Ranged Weapons
 + Level 3.1 Dodging
 - Level 0.8 Stealth


You had 2 spell levels left.
You didn't know any spells.
Your spell library contained the following spells:

 Spells                   Type           Power      Damage    Failure   Level
 Sandblast                Erth           0%         2d4       45%         1
 Passwall                 Tmut/Erth      0%         N/A       61%         2
 Stone Arrow              Conj/Erth      0%         3d7       83%         3


Dungeon Overview and Level Annotations

Branches:
Dungeon (3/15)

Altars:
Kikubaaqudgha

Annotations:
D:3 1 exclusion, Grinder, Robin


Innate Abilities, Weirdness & Mutations

You are amphibious.
You cover ground slowly.
You can hop short distances.
You have an extended range of vision and can be seen from far away.


Message History

No target in view!
No target in view!
A bat comes into view.
Grinder comes into view.
You hear the brisk rusting of a drain nearby.
Grinder shouts!
Grinder gestures at you. You resist with significant effort.
Press: ? - help, v - describe, . - travel The floor.
Placed new exclusion.
Reduced exclusion size to a single square.
Grinder is nearby!
You see here 4 large rocks.
Grinder blinks!
Grinder gestures at you.
You suddenly lose the ability to move!
Grinder blinks!
You can move again.
Grinder blinks!
You hear the brisk rusting of a drain nearby.
Grinder blinks!
Grinder says, "At least Makhleb appreciates what I'm doing."
Grinder says, "Don't move a muscle."
Grinder closely misses you. Grinder gestures at you.
You resist with significant effort.
There is a stone staircase leading down here.
Grinder says, "FISH!"
Grinder hits you.
You writhe in agony.
Grinder gestures at you. Pain shoots through your body! Grinder hits you!
* * * LOW HITPOINT WARNING * * *
You writhe in agony.
* * * LOW HITPOINT WARNING * * *
You see here a +0 robe.
Grinder attacks as you move away! Grinder closely misses you.
Grinder gestures at you. Pain shoots through your body!
You die...

######## #.gg..รท# #)#
###########.#############
#...[..5@................
#..###.###.########......
#>.# #.# #.##......######
#..###.###.##.###..#.#.#.
#...........#.# #....#...
##.###.###..#.# #..#...#.
#.##.#.##..#.# #..#...#.
#.#.###......# #....#...
#....#.....### #..#.#.#.


You could see Grinder.

Vanquished Creatures
  2 worms
  A dart slug (D:2)
  An orc (D:3)
  5 endoplasms
  3 giant cockroaches
  A goblin (D:3)
  3 hobgoblins
  4 jackals (D:2)
  A quokka (D:2)
  3 ball pythons
  4 bats
  2 frilled lizards
  6 kobolds
  2 rats (D:2)
38 creatures vanquished.

Notes
Turn   | Place    | Note
-------+----------+-------------------------------------------
     0 | D:1      | Mesmaeker13 the Barachi Hunter began the quest for the Orb.
     0 | D:1      | Reached XP level 1. HP: 17/17 MP: 1/1
   310 | D:1      | Reached XP level 2. HP: 23/23 MP: 2/2
  1046 | D:2      | Reached XP level 3. HP: 29/29 MP: 3/3
  1180 | D:2      | Found an ancient bone altar of Kikubaaqudgha.
  1623 | D:3      | Noticed Robin
  1793 | D:3      | Noticed Grinder
  1829 | D:3      | Paralysed by Grinder for 4 turns
  1845 | D:3      | HP: 1/29 [Grinder (3)]
  1850 | D:3      | Killed from afar by Grinder

Illustrated notes

Levels and vault maps discovered:
D:1:      dpeg_arrival_connections, layout_basic
D:2:      layout_basic, basic_altar, kennysheep_generic_room_9
D:3:      layout_loops_ring, cheibrodos_sewer_entry_sluice,
          minmay_misc_feat_alley, uniq_robin, uniq_crazy_yiuf_cottage,
          uniq_natasha, uniq_grinder

Skill      XL: |  1  2  3 |
---------------+----------+-----
Fighting       | 3 |  3.4
Dodging        | 3 |  3.1
Ranged Weapons | |  4.5
Stealth        | |  0.8

Action                     || total
---------------------------++-------
   Fire: Shortbow          ||    97
    Use: Scroll            ||     6
 Armour: Leather armour    ||    20
  Dodge: Dodged            ||    54
